 Dungeon Crawl Stone Soup version 0.19-a0-1932-g59670f6 (webtiles) character file.

91 varam the Conjurer (level 4, -1/24 HPs)
             Began as a Deep Elf Conjurer on Oct 25, 2016.
             Slain by a gnoll
             ... wielding a +0 halberd
              (13 damage)
             ... on level 2 of the Dungeon.
             The game lasted 00:04:23 (1416 turns).

varam the Conjurer (Deep Elf Conjurer)              Turns: 1416, Time: 00:04:24

Health: -1/24      AC:  2    Str:  5    XL:     4   Next: 34%
Magic:  7/12       EV: 12    Int: 21    God:
Gold:   100        SH:  5    Dex: 15    Spells: 2 memorised, 7 levels left

rFire  . . .     SeeInvis .     e - +0 hand axe (elec)
rCold  . . .     Gourm    .     a - +0 robe
rNeg   . . .     Faith    .     r - +2 buckler
rPois  .         Spirit   .     (no helmet)
rElec  .         Reflect  .     (no cloak)
rCorr  .         Harm     .     (no gloves)
MR     .....                    (no boots)
Stlth  ++........               (no amulet)
                                (no ring)
                                n - ring of flight

@: very slightly contaminated
A: no striking features
a: Evoke Flight


You were on level 2 of the Dungeon.
You were hungry.

You visited 1 branch of the dungeon, and saw 2 of its levels.

You collected 100 gold pieces.

Inventory:

Hand Weapons
 e - a +0 hand axe of electrocution (weapon)
Armour
 a - a +0 robe (worn)
 r - a +2 buckler (worn)
Jewellery
 n - a ring of flight (left hand)
 p - a +3 ring of intelligence {unknown}
Scrolls
 d - a scroll of teleportation {unknown}
 g - a scroll of recharging {unknown}
 i - a scroll of noise {unknown}
 k - a scroll of magic mapping {unknown}
 q - a scroll of amnesia {unknown}
 s - a scroll of identify {unknown}
Potions
 f - a potion of degeneration {unknown}
 l - a potion of mutation {unknown}
 m - a potion of ambrosia {unknown}
 o - a potion of cure mutation {unknown}
Books
 b - a book of Conjurations

   Spells                             Type                      Level
   a - Magic Dart                     Conjuration                  1
   b - Searing Ray                    Conjuration                  2
   c - Dazzling Spray                 Conjuration/Hexes            3
   d - Fulminant Prism                Conjuration/Hexes            4
   e - Iskenderun's Mystic Blast      Conjuration                  4
   f - Iskenderun's Battlesphere      Conjuration/Charms           5
Comestibles
 c - 3 bread rations
 h - 4 chunks of flesh
 j - 3 fruits


   Skills:
 - Level 2.4 Dodging
 - Level 2.4 Stealth
 + Level 4.1 Spellcasting
 * Level 5.9 Conjurations


You had 7 spell levels left.
You knew the following spells:

 Your Spells              Type           Power        Failure   Level  Hunger
a - Magic Dart            Conj           ####         1%          1    None
b - Dazzling Spray        Conj/Hex       ###...       17%         3    ###....


Dungeon Overview and Level Annotations

Branches:
Dungeon (2/15)

Altars:


Message History

You kill the gnoll!
The gnoll is no longer blind.
You block the gnoll's attack.
Casting: Dazzling Spray
Confirm with . or Enter, or press ? or * to list all spells.
You don't know that spell.
Casting: Dazzling Spray
Confirm with . or Enter, or press ? or * to list all spells.
Aiming: Dazzling Spray
Press: ? - help, Shift-Dir - straight line, f - gnoll
Aim: a gnoll, wielding a halberd (moderately wounded)
You miscast Dazzling Spray.
You are very lightly contaminated with residual magic.
You smell something strange.
You are feeling hungry.
The gnoll hits you from afar with a halberd!
Ouch! That really hurt!
You see here a robe.
The gnoll hits you from afar with a halberd!
Ouch! That really hurt!
You die...

##......# #..# #####.####
#....#### ##.# #.....
##>#...# #.### #####.
#.###.# #...# ##. #.#
#.## ###.## #.. #.# #..#
#..### #.# #.# ##.##
##..)## #.# #.# #..##
###..####.# #.# ##.@###
##..#..)# #.# ##...#
###....## #. ###g#
#...##... # #. #.##
#รท.#####. .. #. #..#
##.......
...###.#########g#
######..
.............###.## #..
#...#####...#..#####
###..
#......g)........####...#


You could see 2 gnolls.

Vanquished Creatures
  Jessica (D:2)
  A gnoll (D:2)
  2 adders (D:2)
  A worm (D:2)
  A dart slug (D:1)
  2 leopard geckos
  3 hobgoblins
  4 jackals (D:1)
  3 bats
  2 frilled lizards
  3 goblins
  4 kobolds
  7 rats
34 creatures vanquished.

Notes
Turn   | Place    | Note
-------+----------+-------------------------------------------
     0 | D:1      | varam the Deep Elf Conjurer began the quest for the Orb.
     0 | D:1      | Reached XP level 1. HP: 10/10 MP: 6/6
   235 | D:1      | Reached XP level 2. HP: 12/15 MP: 1/8
   671 | D:1      | Reached skill level 5 in Conjurations
   879 | D:2      | Reached XP level 3. HP: 19/19 MP: 3/10
  1249 | D:2      | Noticed Jessica
  1265 | D:2      | Killed Jessica
  1265 | D:2      | Reached XP level 4. HP: 23/24 MP: 7/12
  1277 | D:2      | Learned a level 3 spell: Dazzling Spray
  1416 | D:2      | Slain by a gnoll

Vault maps used:
D:1:      dpeg_arrival_round_c
D:2:      uniq_jessica

Skill      XL: |  1  2  3 |
---------------+----------+-----
Conjurations   | 5 |  5.9
Spellcasting   | 4 |  4.1
Dodging        | |  2.4
Stealth        | |  2.4

Action                   |  1- 3 |  4- 6 || total
-------------------------+-------+-------++-------
Melee: Hand axe          |    14 |    11 ||    25
 Cast: Magic Dart        |    53 |     6 ||    59
       Dazzling Spray    |       |     1 ||     1
  Eat: Chunk             |     1 |       ||     1
Dodge: Dodged            |    12 |    11 ||    23
Block: Buckler           |       |     1 ||     1
